 Dungeon Crawl Stone Soup version 0.24-a0-459-g225fefd530 (webtiles) character file.

Game seed: 18266771971633980262

80384 CookieEater the Geomancer (level 15, -10/95 HPs)
             Began as a Gargoyle Earth Elementalist on June 29, 2019.
             Was a High Priest of Vehumet.
             Mangled by a spiny frog (15 damage)
             ... on level 6 of the Lair of Beasts.
             The game lasted 01:06:27 (25256 turns).

CookieEater the Geomancer (GrEE)                   Turns: 25256, Time: 01:06:28

Health: -10/95     AC: 16    Str: 13    XL:     15   Next: 66%
Magic:  29/29      EV: 22    Int: 21    God:    Vehumet [*****.]
Gold:   1278       SH:  0    Dex: 19    Spells: 20/35 levels left

rFire    + . .     SeeInvis +   N - +3 flail of the Open Hand {drain, MR+++ Dex+7}
rCold    x . .     Gourm    +   (no shield)
rNeg     + . .     Faith    .   P - +2 robe {Archmagi}
rPois    ∞         Spirit   .   n - +0 hat {SInv}
rElec    +         Reflect  .   p - +0 cloak {+Inv}
rCorr    .         Harm     .   (no gloves)
MR       +++++                  G - +2 pair of boots
Stlth    ++........             J - amulet of the gourmand
HPRegen  0.25/turn              I - +3 ring of evasion
MPRegen  0.21/turn              j - ring of fire

@: corroded, flying, very slightly contaminated
A: antennae 1, big wings, agile 1, magic resistance 1, negative energy
resistance 1, electricity resistance, wild magic 1, unbreathing, petrification
resistance, rot immunity, AC +11
a: Stop Flying, Renounce Religion, Evoke Invisibility


You were on level 6 of the Lair of Beasts.
You worshipped Vehumet.
Vehumet was extremely pleased with you.
You were very full.

You visited 3 branches of the dungeon, and saw 21 of its levels.

You collected 1278 gold pieces.

Inventory:

Hand Weapons
 t - a +2 morningstar of freezing
 N - the +3 flail of the Open Hand (weapon) {drain, MR+++ Dex+7}
   (You took it off a deep elf archer on level 12 of the Dungeon)

   A truly terrible weapon, it drains the life of those it strikes.
   It affects your dexterity (+7).
   It affects your resistance to hostile enchantments.
Missiles
 l - 63 poisoned darts
 S - 108 stones (quivered)
Armour
 b - a +1 robe of cold resistance
 n - a +0 hat of see invisible (worn)
 p - a +0 cloak of invisibility (worn)
 q - a +1 helmet
 B - a scarf of resistance
 G - a +2 pair of boots (worn)
 P - a +2 robe of the Archmagi (worn)
Magical Staves
 o - an uncursed staff of energy
Jewellery
 j - a ring of fire (right hand)
 s - a +3 ring of protection
 v - an uncursed amulet of magic regeneration
 I - a +3 ring of evasion (left hand)
 J - an amulet of the gourmand (around neck)
 K - an uncursed ring of wizardry
 Q - a cursed ring of attention {unknown}
Wands
 k - a wand of digging (6)
 r - a wand of flame (18)
 E - a wand of random effects (66)
 F - a wand of disintegration (6)
Scrolls
 a - 6 scrolls of teleportation
 e - 4 scrolls of identify
 f - 2 scrolls of amnesia
 g - 7 scrolls of remove curse
 y - a scroll of blinking
 C - 2 scrolls of enchant weapon
 D - a scroll of immolation
 L - 2 scrolls of magic mapping
 O - 2 scrolls of fear
Potions
 h - 4 potions of lignification
 i - 6 potions of curing
 m - 2 potions of ambrosia
 u - 5 potions of brilliance
 w - a potion of cancellation
 x - 2 potions of agility
 z - 2 potions of mutation
 A - 4 potions of haste
 H - a potion of berserk rage
 M - 2 potions of might
Miscellaneous
 c - a lamp of fire
Comestibles
 d - 36 rations
 R - 3 chunks of flesh


   Skills:
 + Level 11.3 Fighting
 + Level 10.3 Maces & Flails
 - Level 6.0 Armour
 + Level 9.0 Dodging
 - Level 2.1 Stealth
 + Level 10.6 Spellcasting
 + Level 11.9 Conjurations
   Level 0.7 Transmutations
 + Level 13.5 Earth Magic
 - Level 6.0 Evocations


You had 20 spell levels left.
You knew the following spells:

 Your Spells              Type           Power        Failure   Level  Hunger
a - Sandblast             Erth           ######       1%          1    None
b - Stone Arrow           Conj/Erth      ######       1%          3    None
c - Lee's Rapid Deconstr  Erth           #######...   1%          5    ####...
d - Poison Arrow          Conj/Pois      ######....   26%         6    ######.

Your spell library contained the following spells:

 Spells                   Type           Power        Failure   Level  Hunger
 Passwall                 Tmut/Erth      ######..     1%          2    None
 Petrify                  Tmut/Erth      ######..     5%          4    ##.....
 Animate Skeleton         Necr           N/A          10%         1    None
 Apportation              Tloc           ###...       10%         1    None
 Confusing Touch          Hex            ###...       10%         1    None
 Infusion                 Chrm           ###.         10%         1    None
 Summon Small Mammal      Summ           ###.         10%         1    None
 Call Imp                 Summ           ###.....     14%         2    None
 Shroud of Golubria       Chrm/Tloc      ###...       14%         2    None
 Song of Slaying          Chrm           ###.....     14%         2    None
 Call Canine Familiar     Summ           ###.....     26%         3    None
 Regeneration             Chrm/Necr      ###.......   26%         3    None
 Spectral Weapon          Hex/Chrm       ###.....     26%         3    None
 Summon Guardian Golem    Hex/Summ       ###.....     26%         3    None
 Conjure Ball Lightning   Conj/Air       ######....   26%         6    ######.
 Summon Ice Beast         Ice/Summ       ###.....     61%         4    ##.....
 Summon Lightning Spire   Summ/Air       ###.....     61%         4    ##.....
 Silence                  Hex/Air        ###.......   90%         5    ####...
 Deflect Missiles         Chrm/Air       ###.......   100%        6    ######.
 Tornado                  Air            ###.......   100%        9    #######


Dungeon Overview and Level Annotations

Branches:
Dungeon (14/15)            Temple (1/1) D:4            Lair (6/6) D:9
 Shoals (0/4) Lair:2        Snake (0/4) Lair:2        Slime (0/5) Lair:6
    Orc (0/2) D:9          Vaults (0/5) D:13

Altars:
Ashenzari
Cheibriados
Dithmenos
Elyvilon
Fedhas
Gozag
Hepliaklqana
Kikubaaqudgha
Makhleb
Nemelex Xobeh
Okawaru
Qazlal
Ru
Sif Muna
Trog
Uskayaw
Vehumet
Wu Jian
Xom
Yredelemnul
Zin
The Shining One

Shops:
D:2 *   D:13 [

Annotations:
D:4 exclusion: oklob plant
Lair:1 exclusion: 3 oklob plants
Lair:6 exclusion: oklob plant


Innate Abilities, Weirdness & Mutations

You are resistant to torment.
Your stone body is resilient. (AC +11)
You are immune to poison.
Your large and strong wings let you fly indefinitely.
You resist negative energy. (rN+)
You are resistant to electric shocks. (rElec)
You can survive without breathing.
You are immune to petrification.
You are immune to rotting.
You have a pair of small antennae on your head.
You are agile. (Dex +2)
You are resistant to hostile enchantments. (MR+)
Your spells are a little harder to cast, but a little more powerful.


Message History

The bush is severely damaged.
The spiny frog completely misses you. The oklob plant spits acid at you.
The splash of acid hits you but does no damage.
The acid corrodes you!
You are splashed with acid!
You hit the bush.
The bush is severely damaged.
The spiny frog completely misses you. The spiny frog stings you!
* * * LOW HITPOINT WARNING * * *
You hit the bush.
The bush is severely damaged.
The spiny frog stings you!!
* * * LOW HITPOINT WARNING * * *
You hit the bush but do no damage.
The bush is severely damaged.
The spiny frog misses you.
You hit the bush.
The bush is severely damaged.
The spiny frog stings you!
You die...

,≈,**###...........######....†.#
****,,.............P#.###....###
,,,,,,...............#.##..†..#
,,,,,,.................#......#
,,,,,,................##..†..÷##
,,,,,,.................#P....#.#
,,,,,,,..................P...###
,,,,,,,......................##
,,,,,,,.........@F............#
,,,,,,,........PPP............#
,,,,,,,,,.....?PPP[..........##
...............PPP...........###
...............................#
..............................##
..............................#
.............................##
.............................#


You could see an oklob plant and a spiny frog.

Vanquished Creatures
  Gastronok (Lair:1)
  Kirke (D:12)
  Snorg (D:13)
  A fire dragon (D:12)
  4 vault guards (D:13)
  Erolcha (D:12)
  Fannar (Lair:1)
  10 hydras
  An ice dragon (Lair:5)
  A catoblepas (D:12)
  4 centaur warriors
  An ogre mage (D:12)
  2 death knights
  3 two-headed ogres
  Sonja (D:11)
  An unseen horror (D:14)
  A wizard (D:12)
  A deep elf archer (D:12)
  9 ugly things
  A manticore (Lair:2)
  A deep elf mage (D:12)
  3 cyclopes
  3 centaur zombies
  15 elephants
  4 black mambas
  Psyche (D:12)
  2 centaur skeletons
  19 spiny frogs
  2 freezing wraiths
  2 rime drakes
  2 trolls
  7 komodo dragons
  3 meliai (D:14)
  3 polar bears
  4 tyrant leeches (Lair:6)
  2 hornets
  27 blink frogs
  7 hippogriffs
  10 slime creatures
  Sigmund (D:2)
  4 shadows
  4 wyverns
  A water elemental (D:14)
  3 wraiths
  36 yaks
  6 basilisks
  A hog (D:12)
  7 vampire mosquitoes
  2 hungry ghosts (D:12)
  A naga (Lair:2)
  An acid dragon (D:14)
  13 water moccasins
  9 porcupines
  4 ice beasts
  2 black bears
  7 orc warriors
  A sky beast (D:14)
  An eye of draining (D:12)
  A necrophage (D:13)
  7 ogres
  2 phantoms
  16 wolves
  7 centaurs
  3 crocodiles
  4 big kobolds
  33 bullfrogs
  Blork the orc (D:5)
  A gnoll sergeant (D:6)
  A wyvern zombie (D:12)
  A wyvern skeleton (D:10)
  4 scorpions
  4 killer bees (D:11)
  8 wights
  An electric eel (D:10)
  8 howler monkeys
  3 bullfrog zombies
  5 crimson imps
  2 quasits
  10 jellies
  7 orc priests
  Crazy Yiuf (D:3)
  6 hounds
  9 orc wizards
  3 bullfrog skeletons
  7 iguanas
  8 worker ants
  2 hound skeletons
  Robin (D:2)
  11 gnolls
  A howler monkey skeleton (D:5)
  9 adders
  2 shadow imps
  3 white imps (Lair:5)
  12 oozes
  2 adder skeletons
  3 worms
  A dart slug (D:3)
  4 leopard geckos
  37 orcs
  3 giant cockroaches
  14 goblins
  9 hobgoblins
  13 jackals
  A quokka (D:2)
  9 bats
  6 frilled lizards
  A jackal skeleton (D:4)
  21 kobolds
  A leopard gecko zombie (D:5)
  A quokka skeleton (D:5)
  4 rats
  A bush (D:9)
  4 fungi
  A plant (Lair:6)
607 creatures vanquished.

Vanquished Creatures (others)
  A hippogriff (Lair:6)
  A wraith (D:13)
  A human (D:13)
  A hound (D:13)
  8 bushes
  6 fungi
  53 plants
  11 toadstools (D:4)
82 creatures vanquished.

Grand Total: 689 creatures vanquished

Notes
Turn   | Place    | Note
-------+----------+-------------------------------------------
     0 | D:1      | CookieEater the Gargoyle Earth Elementalist began the quest
                  | for the Orb.
     0 | D:1      | Reached XP level 1. HP: 10/10 MP: 3/3
   266 | D:1      | Reached XP level 2. HP: 14/15 MP: 5/5
   280 | D:1      | Reached skill level 4 in Earth Magic
   932 | D:1      | Reached XP level 3. HP: 19/19 MP: 6/6
   937 | D:1      | Learned a level 3 spell: Stone Arrow
   989 | D:1      | Found a glowing golden altar of the Shining One.
  1293 | D:2      | Noticed a scorpion
  1723 | D:2      | Found an opulent altar of Gozag.
  1723 | D:2      | Found Gozag's Platinum Reserve.
  1872 | D:2      | Reached skill level 1 in Conjurations
  1914 | D:2      | Reached XP level 4. HP: 23/24 MP: 4/8
  1950 | D:2      | Reached skill level 5 in Earth Magic
  2157 | D:2      | Reached XP level 5. HP: 23/28 MP: 2/9
  2221 | D:2      | Learned a level 5 spell: Lee's Rapid Deconstruction
  2242 | D:2      | Noticed Robin
  2249 | D:2      | Killed Robin
  2539 | D:2      | Found a shadowy altar of Dithmenos.
  2824 | D:2      | Noticed Sigmund
  2827 | D:2      | Killed Sigmund
  2827 | D:2      | Reached XP level 6. HP: 25/32 MP: 11/11
  3544 | D:3      | Found a bloodstained altar of Trog.
  3562 | D:3      | Found a runed translucent door.
  3563 | D:3      | Noticed Crazy Yiuf
  3577 | D:3      | Killed Crazy Yiuf
  3577 | D:3      | Reached skill level 6 in Earth Magic
  4175 | D:4      | Reached XP level 7. HP: 36/36 MP: 8/13
  4370 | D:4      | Found a sacrificial altar of Ru.
  4433 | D:4      | Found a shimmering altar of Xom.
  4519 | D:4      | Found a staircase to the Ecumenical Temple.
  4528 | Temple   | Entered the Ecumenical Temple
  4606 | D:4      | Found a blossoming altar of Fedhas.
  4626 | D:4      | Noticed an oklob plant
  5382 | D:4      | Reached skill level 1 in Fighting
  5382 | D:4      | Reached skill level 1 in Maces & Flails
  5382 | D:4      | Reached skill level 1 in Armour
  5560 | D:5      | Entered Level 5 of the Dungeon
  5563 | D:5      | Reached skill level 1 in Evocations
  5563 | D:5      | Reached XP level 8. HP: 43/43 MP: 11/15
  5738 | D:5      | Reached skill level 7 in Earth Magic
  6009 | D:5      | Noticed Blork the orc
  6013 | D:5      | Killed Blork the orc
  6013 | D:5      | Reached skill level 5 in Spellcasting
  6593 | D:6      | Reached skill level 5 in Conjurations
  6755 | D:6      | Reached XP level 9. HP: 34/50 MP: 16/16
  7048 | D:6      | Found a burning altar of Makhleb.
  7888 | D:7      | Noticed a hornet
  7895 | D:7      | Killed a hornet
  8035 | D:7      | Reached skill level 8 in Earth Magic
  8313 | D:7      | Gained mutation: You are agile. (Dex +2) [potion of
                  | mutation]
  8313 | D:7      | Gained mutation: You are resistant to hostile enchantments.
                  | (MR+) [potion of mutation]
  8313 | D:7      | Gained mutation: Your spells are a little harder to cast,
                  | but a little more powerful. [potion of mutation]
  8313 | D:7      | Gained mutation: You have a pair of small antennae on your
                  | head. [potion of mutation]
  8828 | D:8      | Reached XP level 10. HP: 35/57 MP: 11/18
  9105 | D:9      | Found a staircase to the Orcish Mines.
  9129 | D:9      | Noticed a two-headed ogre
  9150 | D:9      | Killed a two-headed ogre
  9188 | D:9      | Reached skill level 5 in Fighting
  9564 | D:9      | Found a staircase to the Lair.
  9661 | D:9      | Reached skill level 5 in Armour
  9863 | D:9      | Found a radiant altar of Vehumet.
  9867 | D:9      | Became a worshipper of Vehumet
  9887 | D:9      | Found a white marble altar of Elyvilon.
  9899 | D:9      | Found a basalt altar of Yredelemnul.
  9899 | D:9      | Found an ornate altar of the Wu Jian Council.
  9933 | D:9      | Reached skill level 9 in Earth Magic
  9990 | D:10     | Entered Level 10 of the Dungeon
 10231 | D:10     | Reached XP level 11. HP: 60/64 MP: 16/20
 10243 | D:10     | Reached * piety under Vehumet
 10243 | D:10     | Offered knowledge of Sting by Vehumet.
 10610 | D:11     | Noticed a green ugly thing
 10613 | D:11     | Killed a green ugly thing
 10613 | D:11     | Reached skill level 5 in Maces & Flails
 10653 | D:11     | Noticed a two-headed ogre
 10662 | D:11     | Killed a two-headed ogre
 10843 | D:11     | Noticed a two-headed ogre
 10849 | D:11     | Killed a two-headed ogre
 11034 | D:11     | Noticed Sonja
 11036 | D:11     | Killed Sonja
 11036 | D:11     | Reached skill level 5 in Dodging
 11036 | D:11     | Reached skill level 5 in Evocations
 11313 | D:11     | Noticed a white ugly thing
 11320 | D:11     | Killed a white ugly thing
 11588 | D:11     | You fall into a shaft and drop 3 floors!
 11592 | D:14     | Noticed a centaur warrior
 11601 | D:14     | Offered knowledge of Magic Dart by Vehumet.
 11625 | D:13     | Noticed a purple ugly thing
 11635 | D:13     | Killed a purple ugly thing
 11693 | D:13     | Noticed a centaur warrior
 11713 | D:13     | Killed a centaur warrior
 11717 | D:13     | Reached ** piety under Vehumet
 11877 | D:13     | Found a gate to the Vaults.
 11877 | D:13     | Noticed a vault guard
 11877 | D:13     | Noticed a vault guard
 11877 | D:13     | Noticed a vault guard
 11877 | D:13     | Noticed a vault guard
 11945 | D:13     | Noticed a cyclops
 11951 | D:13     | Killed a cyclops
 12005 | D:13     | Killed a vault guard
 12005 | D:13     | Reached skill level 10 in Earth Magic
 12005 | D:13     | Reached XP level 12. HP: 38/71 MP: 15/23
 12220 | D:13     | Noticed a catoblepas
 12231 | D:12     | Killed a catoblepas
 13022 | D:12     | Found a shimmering altar of Xom.
 13057 | D:12     | Offered knowledge of Throw Flame by Vehumet.
 13306 | D:12     | Noticed a death knight
 13368 | D:12     | Killed a death knight
 13513 | D:12     | Noticed Erolcha
 13518 | D:12     | Killed Erolcha
 13687 | D:12     | Reached *** piety under Vehumet
 13704 | D:12     | Noticed a fire dragon
 13723 | D:12     | Killed a fire dragon
 13822 | D:12     | Noticed a centaur warrior
 13822 | D:12     | Identified the +3 flail of the Open Hand {drain, MR+++
                  | Dex+7}
 13827 | D:12     | Killed a centaur warrior
 13838 | D:12     | Noticed an ogre mage
 13846 | D:12     | Killed an ogre mage
 13846 | D:12     | Reached skill level 11 in Earth Magic
 13846 | D:12     | Reached XP level 13. HP: 45/78 MP: 4/25
 13977 | D:12     | Offered knowledge of Ignite Poison by Vehumet.
 14481 | D:12     | Noticed Psyche
 14485 | D:12     | Killed Psyche
 14932 | D:13     | Noticed Kirke
 14950 | D:12     | Killed Kirke
 15197 | D:13     | Found Kismomy's Antique Armour Shoppe.
 15266 | D:13     | Reached **** piety under Vehumet
 15451 | D:13     | Killed a vault guard
 15555 | D:13     | Reached skill level 10 in Conjurations
 15647 | D:13     | Killed a vault guard
 15685 | D:13     | Killed a vault guard
 15685 | D:13     | Offered knowledge of Fulminant Prism by Vehumet.
 15731 | D:13     | Noticed Snorg
 15736 | D:13     | Killed Snorg
 17026 | D:14     | Reached skill level 12 in Earth Magic
 17065 | D:14     | Gained mutation: Your large and strong wings let you fly
                  | indefinitely. [Gargoyle growth]
 17065 | D:14     | Reached XP level 14. HP: 86/86 MP: 21/27
 17766 | Lair:1   | Entered Level 1 of the Lair of Beasts
 18362 | Lair:1   | Reached ***** piety under Vehumet
 18384 | Lair:1   | Offered knowledge of Spellforged Servitor by Vehumet.
 18647 | Lair:1   | Noticed Fannar
 18652 | Lair:1   | Killed Fannar
 19106 | Lair:1   | Noticed Gastronok
 19123 | Lair:1   | Killed Gastronok
 19123 | Lair:1   | Reached skill level 10 in Fighting
 19449 | Lair:2   | Found a staircase to the Shoals.
 19891 | Lair:2   | Found a staircase to the Snake Pit.
 21300 | Lair:4   | Reached skill level 10 in Spellcasting
 21553 | Lair:4   | Offered knowledge of Iskenderun's Battlesphere by Vehumet.
 22442 | Lair:5   | Reached XP level 15. HP: 75/93 MP: 15/29
 22582 | Lair:5   | Reached skill level 13 in Earth Magic
 23252 | Lair:6   | Entered Level 6 of the Lair of Beasts
 23439 | Lair:6   | Reached skill level 10 in Maces & Flails
 24877 | Lair:6   | Found a staircase to the Slime Pits.
 25067 | Lair:6   | Offered knowledge of Poison Arrow by Vehumet.
 25092 | Lair:6   | Learned a level 6 spell: Poison Arrow
 25254 | Lair:6   | HP: 4/95 [spiny frog (18)]
 25256 | Lair:6   | Mangled by a spiny frog

Levels and vault maps discovered:
D:1:      minmay_arrival_semitransparent, layout_loops_ring, tso_altar
D:2:      layout_basic, grunt_dithmenos_smoke_and_mirrors,
          nicolae_gozag_zags_fifth_avenue, uniq_robin, uniq_sigmund
D:3:      layout_rooms, old_standard_altar, minmay_bisected,
          uniq_crazy_yiuf_cottage
D:4:      layout_basic, nicolae_ru_awakened_eye, tgw_fedhas,
          minmay_temple_entry_statues_pillars, xom_teletrap_fun
D:5:      layout_gridville, first_ration, uniq_blork_the_orc
D:6:      layout_cave_pools, lightli_temple_of_fire
D:7:      layout_basic
D:8:      layout_rooms
D:9:      layout_small_grid, marbit_many_paths, overflow_temple_1_default,
          gammafunk_temple_overflow_elements, lair_entry_dummy,
          solitary_fountain, hangedman_little_slice_of_home,
          hangedman_abyss_or_decor_stagger, minmay_hedge_maze,
          grunt_ministairs_8, corexii_leaking_fountain
D:10:     layout_basic
D:11:     minmay_wavy_crystal, layout_cave_pods, minmay_misc_feat_four_crosses,
          fungi_pond_lemuel, uniq_sonja
D:12:     layout_long_grid, basic_altar, minmay_the_grid_2x2
          [minmay_the_grid_dragon_b, minmay_the_grid_tree,
          minmay_the_grid_small_cups, minmay_the_grid_prize_trominoes],
          uniq_psyche, uniq_erolcha
D:13:     layout_loops_corners, lightli_vaults_fourway_checkpoint, serial_shops,
          shop, uniq_kirke, uniq_snorg
D:14:     layout_big_octagon, fountainhead
Temple:   cyrus_circular_temple
Lair:1:   layout_chaotic_city, grunt_megastairs_1, minmay_lair_oklob_chamber,
          infiniplex_staircase_pool_2, lemuel_fruit_fields, uniq_fannar,
          uniq_gastronok
Lair:2:   layout_regular_city, minmay_shoals_entry_beasts,
          guppyfry_snake_entry_island
Lair:3:   layout_chaotic_city
Lair:4:   layout_regular_city, serial_bayou_shore_b
Lair:5:   layout_regular_city, bobbens_ice_dragon_lair, grunt_megastairs_3
Lair:6:   minmay_lair_end_frog_pond, layout_long_grid,
          nicolae_slime_entry_slimehenge, minmay_lair_oklob_bushes

Skill      XL: |  1  2  3  4  5  6  7  8  9 10 11 12 13 14 15 |
---------------+----------------------------------------------+-----
Earth Magic    | 4 5 6 7 8 9 10 11 12 13 | 13.5
Conjurations   | 1 2 3 4 5 6 7 8 9 10 11 | 11.9
Spellcasting   | 3 4 5 6 7 8 9 10 | 10.6
Fighting       | 1 3 4 5 6 8 9 10 11 | 11.3
Maces & Flails | 1 2 3 4 6 7 8 9 10 | 10.3
Armour         | 1 2 4 5 6 |  6.0
Dodging        | 2 3 4 5 6 7 8 9 |  9.0
Evocations     | 1 2 3 4 5 6 |  6.0
Stealth        | |  2.1
Transmutations | |  0.7

Action                   |  1- 3 |  4- 6 |  7- 9 | 10-12 | 13-15 || total
-------------------------+-------+-------+-------+-------+-------++-------
Melee: Unarmed           |    15 |       |       |       |       ||    15
       Club              |    81 |   169 |    19 |       |       ||   269
       Morningstar       |       |       |    95 |       |       ||    95
       Mace              |       |       |    96 |   226 |    28 ||   350
       Flail             |       |       |       |       |   860 ||   860
 Cast: Sandblast         |    40 |    51 |   113 |   169 |    73 ||   446
       Stone Arrow       |       |     1 |     7 |    13 |   150 ||   171
       Lee's Rapid Decon |       |       |     8 |    42 |   119 ||   169
 Abil: Fly               |       |       |       |       |     2 ||     2
       Stop Flying       |       |       |       |       |     1 ||     1
       Evoke Invisibilit |       |       |       |       |     1 ||     1
Evoke: Wand              |       |     3 |     3 |    16 |    24 ||    46
  Use: Scroll            |     1 |    10 |    11 |     7 |     1 ||    30
       Potion            |       |     2 |     3 |     5 |     1 ||    11
 Stab: Sleeping          |     1 |     1 |       |       |     7 ||     9
  Eat: Chunk             |     4 |     8 |    17 |    33 |    63 ||   125
       Ration            |       |       |       |     3 |       ||     3
Armor: Robe              |    54 |   101 |   128 |   129 |   291 ||   703
Dodge: Dodged            |    96 |   178 |   198 |   308 |  1051 ||  1831

Table legend:
 A = Non-vault XP
 B = Vault XP
 C = Vault XP percentage of total XP
 D = Non-vault monster count
 E = Vault monster count
 F = Vault count percentage of total count
                 A         B        C        D         E       F
            +---------+---------+-------+---------+---------+-------
      Total |   76274 |   38561 |  33.6 |     480 |     123 |  20.4
            +---------+---------+-------+---------+---------+-------
        D:1 |      52 |       0 |   0.0 |      24 |       0 |   0.0
        D:2 |     142 |     250 |  63.8 |      23 |       8 |  25.8
        D:3 |      36 |      49 |  57.6 |      16 |       5 |  23.8
        D:4 |     668 |       0 |   0.0 |      21 |       0 |   0.0
        D:5 |     694 |      91 |  11.6 |      20 |       1 |   4.8
        D:6 |     918 |       0 |   0.0 |      19 |       0 |   0.0
        D:7 |    1032 |       0 |   0.0 |      21 |       0 |   0.0
        D:8 |     858 |       0 |   0.0 |      11 |       0 |   0.0
        D:9 |    4260 |     206 |   4.6 |      35 |       9 |  20.5
       D:10 |    1293 |       0 |   0.0 |      19 |       0 |   0.0
       D:11 |    4139 |    1769 |  29.9 |      39 |       4 |   9.3
       D:12 |    8479 |   12201 |  59.0 |      39 |      20 |  33.9
       D:13 |    6453 |    6596 |  50.5 |      29 |      13 |  31.0
       D:14 |    8521 |       0 |   0.0 |      32 |       0 |   0.0
     Lair:1 |    5921 |    3791 |  39.0 |      28 |       5 |  15.2
     Lair:2 |    5087 |     977 |  16.1 |      19 |       3 |  13.6
     Lair:3 |    2554 |       0 |   0.0 |      10 |       0 |   0.0
     Lair:4 |    7593 |       0 |   0.0 |      24 |       0 |   0.0
     Lair:5 |    6252 |    1092 |  14.9 |      14 |       5 |  26.3
     Lair:6 |   11322 |   11539 |  50.5 |      37 |      50 |  57.5
            +---------+---------+-------+---------+---------+-------
